 Dungeon Crawl Stone Soup version 0.28-a0-794-gafe8c5f9e9 (webtiles) character file.

Game seed: 10874134637708146941

431 Twinkles the Sneak (level 6, -5/32 HPs)
             Began as a Spriggan Hunter on Nov 5, 2021.
             Was a Believer of Ru.
             Killed from afar by Dowan (13 damage)
             ... with a shard of ice
             ... on level 4 of the Dungeon.
             The game lasted 00:15:06 (3918 turns).

Twinkles the Sneak (Spriggan Hunter)                Turns: 3918, Time: 00:15:06

Health: -5/32      AC:  3    Str: 10    XL:     6   Next: 67%
Magic:  7/7        EV: 19    Int: 12    God:    Ru [**....]
Gold:   241        SH:  0    Dex: 16    Spells: 5/5 levels left

rFire   . . .      SeeInvis +   b - +1 dagger (drain)
rCold   . . .      Faith    .   (shield restricted)
rNeg    . . .      Spirit   .   c - +0 robe
rPois   .          Reflect  .   (helmet restricted)
rElec   .          Harm     .   h - +0 cloak
rCorr   .          Rampage  .   (gloves unavailable)
Will    +....                   (boots unavailable)
Stlth   +++.......              (no amulet)
HPRegen 0.10/turn               (no ring)
MPRegen 0.10/turn               (no ring)

@: very quick
A: very small, no large weapons, unfitting armour, see invisible, speed 3, hated
by all
a: Renounce Religion


You were on level 4 of the Dungeon.
You worshipped Ru.
Ru was pleased with you.
You visited 1 branch of the dungeon, and saw 4 of its levels.

You collected 241 gold pieces.

Inventory:

Hand Weapons
 a - a +1 hand crossbow
 b - a +1 dagger of draining (weapon)
 p - a +0 dagger of flaming
Missiles
 g - 7 poisoned darts (quivered)
 m - 8 atropa-tipped darts
 s - 15 stones
Armour
 c - a +0 robe (worn)
 h - a +0 cloak (worn)
Scrolls
 f - a scroll of vulnerability {unknown}
 i - a scroll of amnesia {unknown}
 l - a scroll of magic mapping {unknown}
 n - a scroll of torment {unknown}
 o - a scroll of noise {unknown}
 K - a scroll of immolation
 Z - 2 scrolls of identify
Potions
 e - a potion of curing {unknown}
 j - a potion of lignification {unknown}
 k - 2 potions of attraction {unknown}
 R - 2 potions of resistance


   Skills:
 + Level 3.1 Fighting
 + Level 1.5 Short Blades
 + Level 5.2 Crossbows
 + Level 5.1 Dodging
 + Level 5.4 Stealth


You had 5 spell levels left.
You didn't know any spells.
Your spell library was empty.

Dungeon Overview and Level Annotations

Branches:
Dungeon (4/15)             Temple (0/1) D:4

Altars:
Dithmenos
Ru

Shops:
D:4 *

Annotations:
D:4 2 runed translucent doors, Dowan; McGhostyFace's ghost, novice GnWz


Innate Abilities, Weirdness & Mutations

You are very small and have problems with some larger weapons.
You are too small for most types of armour.
You have supernaturally acute eyesight. (SInv)
You cover ground extremely quickly. (Speed+++)
You are hated by all.


Message History

Duvessa barely misses you.
You hit Duvessa but do no damage.
Duvessa is heavily wounded.
Duvessa barely misses you.
You hit Duvessa.
Duvessa is heavily wounded.
Duvessa misses you.
You hit Duvessa but do no damage. You drain Duvessa.
Duvessa is severely wounded.
Duvessa misses you.
You hit Duvessa but do no damage. You drain Duvessa.
Duvessa is severely wounded.
Duvessa closely misses you.
You hit Duvessa but do no damage. You drain Duvessa.
Duvessa is almost dead.
Duvessa says, "My weaknesses are his strengths!"
Duvessa closely misses you.
You closely miss Duvessa.
Duvessa is almost dead.
Duvessa hits you with a +0 short sword.
* * * LOW HITPOINT WARNING * * *
You hit Duvessa.
Duvessa is almost dead.
Dowan mumbles some strange words.
Dowan blinks!
Duvessa completely misses you.
You hit Duvessa but do no damage.
Duvessa is almost dead.
Dowan casts a spell.
Dowan blinks!
Duvessa hits you with a +0 short sword.
* * * LOW HITPOINT WARNING * * *
You hit Duvessa.
You kill Duvessa!
You hear a distant wail of despair.
Your Fighting skill increases to level 3!
Your Dodging skill increases to level 5!
Items here: $ ( ) [ †.
Dowan seems to find hidden reserves of power!
Dowan casts a spell at you. The shard of ice hits you!
You die...

#..........#...<....##......#....
.................#.......##..#...
.......#...............#.##......
..#..............(....##.........
.##...##.........................
..#..##...............#..........
#....#...........(.......P♣..#..#
#....##...........(.e..♣..P.....#
................@..##...♣......##
...............##)###......##..#
...P.......(...##.#.#.......)..##
...P♣)..##............##...#....#
......|....#.....#.....##..#..#..
#.........##.....##§.>.##..#.##..
.........##..#.#..##...#.........
.....#..##..##.##..##.....##.###.
#..........##...##.......##..>..)


You could see Dowan (fast).

Vanquished Creatures
  Duvessa (D:4)
  A sky beast (D:4)
  A howler monkey (D:4)
  A jelly (D:4)
  An orc priest (D:3)
  2 orc wizards (D:3)
  An adder (D:2)
  An ufetubus (D:4)
  An adder skeleton (D:4)
  A worm (D:2)
  3 dart slugs
  6 orcs (D:3)
  8 ball pythons
  4 bats
  7 endoplasms
  2 giant cockroaches (D:1)
  5 goblins
  12 hobgoblins
  2 kobolds (D:2)
  4 quokkas
  3 frilled lizards (D:1)
  A rat (D:2)
68 creatures vanquished.

Notes
Turn   | Place    | Note
-------+----------+-------------------------------------------
     0 | D:1      | Twinkles the Spriggan Hunter began the quest for the Orb.
     0 | D:1      | Reached XP level 1. HP: 10/10 MP: 2/2
    69 | D:1      | Found a faded altar of an unknown god.
    74 | D:1      | Reached XP level 2. HP: 15/15 MP: 3/3
   936 | D:1      | Reached XP level 3. HP: 18/18 MP: 4/4
  1084 | D:1      | Prayed at the altar of an unknown god.
  1084 | D:1      | Became a worshipper of Ru the Awakened
  1089 | D:1      | Gained mutation: You are hated by all. [Ru sacrifice]
  1089 | D:1      | Reached * piety under Ru
  1089 | D:1      | Reached ** piety under Ru
  2031 | D:3      | Reached XP level 4. HP: 21/23 MP: 5/5
  2301 | D:3      | HP: 5/23 [orc priest/divine providence (10)]
  2305 | D:3      | Reached XP level 5. HP: 5/27 MP: 6/6
  2767 | D:4      | Found Meefohyw's Neck Hole.
  2798 | D:4      | Found a runed translucent door.
  2931 | D:4      | Noticed Duvessa
  2936 | D:4      | Noticed Dowan
  3426 | D:4      | Noticed a sky beast
  3435 | D:4      | Found a staircase to the Ecumenical Temple.
  3516 | D:4      | Found a shadowy altar of Dithmenos.
  3640 | D:4      | Killed a sky beast
  3641 | D:4      | Reached skill level 5 in Crossbows
  3641 | D:4      | Reached skill level 5 in Stealth
  3641 | D:4      | Reached XP level 6. HP: 32/32 MP: 7/7
  3677 | D:4      | Found a runed translucent door.
  3678 | D:4      | Noticed McGhostyFace's ghost (novice GnWz)
  3824 | D:4      | Reached skill level 1 in Short Blades
  3913 | D:4      | HP: 9/32 [Duvessa (4)]
  3916 | D:4      | Killed Duvessa
  3917 | D:4      | Reached skill level 5 in Dodging
  3918 | D:4      | Killed from afar by Dowan

Illustrated notes

Levels and vault maps discovered:
D:1:      amcnicky_arrival_blooded_trapdoor, layout_basic,
          hellmonk_ecumenical_altar_blasted, minmay_misc_feat_hallway
D:2:      layout_basic, minivault_25
D:3:      layout_basic
D:4:      layout_cave_pools, minmay_temple_entry_waves, serial_park,
          serial_park_tiny_2, serial_park_tiny_2, serial_park_square1
          [serial_park_minivault_5x5_4], serial_park_tiny_pond,
          serial_park_tiny_1, ebering_ghost_sewer_f,
          nicolae_shop_sticking_my_neck_out, uniq_duvessa

Skill      XL: |  1  2  3  4  5  6 |
---------------+-------------------+-----
Stealth        | 2 3 4 5 |  5.4
Dodging        | 3 4 5 |  5.1
Fighting       | 2 3 |  3.1
Crossbows      | 5 |  5.2
Short Blades   | 1 |  1.5

Action                   |  1- 3 |  4- 6 || total
-------------------------+-------+-------++-------
Melee: Short sword       |    11 |       ||    11
       Dagger            |       |    93 ||    93
 Fire: Hand crossbow     |    92 |    63 ||   155
Throw: Dart              |       |     3 ||     3
Invok: Sacrifice Love    |     1 |       ||     1
  Use: Scroll            |       |     2 ||     2
 Stab: Sleeping          |       |     1 ||     1
Armor: Robe              |     3 |    13 ||    16
Dodge: Dodged            |    16 |    99 ||   115

Table legend: (Time is in decaauts)
 A = Elapsed time spent in this place.
 B = Non-inter-level travel time spent in this place.
 C = Inter-level travel time spent in this place.
 D = Time resting spent in this place.
 E = Time spent auto-exploring this place.
 F = Levels seen in this place.
 G = Mean time per level.
                   A        B        C        D        E       F      G
               +--------+--------+--------+--------+--------+-----+--------+
         Total |   2909 |   2741 |    168 |    419 |   1583 |   4 |  727.2 |
       Dungeon |   2909 |   2741 |    168 |    419 |   1583 |   4 |  727.2 |
               +--------+--------+--------+--------+--------+-----+--------+

Top non-repeatable levels by time:
     D:1: 832 daAuts
     D:3: 791 daAuts
     D:4: 672 daAuts
     D:2: 613 daAuts
